 Dungeon Crawl Stone Soup version 0.26-a0-660-gc07710193c (webtiles) character file.

Game seed: 10721237840306751937

682 robertstho the Chiller (level 7, -6/37 HPs)
             Began as a Deep Elf Ice Elementalist on Oct 7, 2020.
             Killed from afar by a steam dragon (16 damage)
             ... with a ball of steam
             ... on level 5 of the Dungeon.
             The game lasted 00:07:23 (5195 turns).

robertstho the Chiller (Deep Elf Ice Elementalist)  Turns: 5195, Time: 00:07:23

Health: -6/37      AC:  3    Str:  2 (5)  XL:     7   Next: 34%
Magic:  17/19      EV: 13    Int: 21 (22) God:
Gold:   240        SH:  0    Dex: 12 (15) Spells: 9/20 levels left

rFire    . . .     SeeInvis .   x - +1 trident (venom)
rCold    . . .     Faith    .   (no shield)
rNeg     . . .     Spirit   .   a - +0 robe
rPois    .         Reflect  .   (no helmet)
rElec    .         Harm     .   o - +0 cloak
rCorr    .         Rampage  .   (no gloves)
MR       .....                  (no boots)
Stlth    ++........             (no amulet)
HPRegen  0.12/turn              (no ring)
MPRegen  0.16/turn              (no ring)

@: frozen ramparts
A: no striking features
a: no special abilities


You were on level 5 of the Dungeon.
You visited 1 branch of the dungeon, and saw 5 of its levels.

You collected 240 gold pieces.

Inventory:

Hand Weapons
 b - a +0 dagger
 p - a +4 quarterstaff of chaos
 x - a +1 trident of venom (weapon)
Missiles
 e - 2 throwing nets (quivered)
Armour
 a - a +0 robe (worn)
 o - a +0 cloak (worn)
Jewellery
 c - an uncursed ring of resist corrosion {unknown}
 j - an uncursed ring of ice {unknown}
Wands
 s - a wand of iceblast (9)
Scrolls
 d - 3 scrolls of teleportation {unknown}
 f - 3 scrolls of remove curse {unknown}
 g - 4 scrolls of identify {unknown}
 h - 5 scrolls of fog {unknown}
 k - 2 scrolls of amnesia {unknown}
 r - a scroll of blinking {unknown}
 u - 2 scrolls of random uselessness {unknown}
 w - a scroll of enchant weapon {unknown}
Potions
 i - a potion of might {unknown}
 l - a potion of flight {unknown}
 m - 2 potions of resistance {unknown}
 n - 2 potions of haste {unknown}
 q - a potion of curing
 t - a potion of mutation {unknown}
 v - a potion of degeneration


   Skills:
 + Level 0.4 Fighting
 + Level 0.2 Short Blades
 + Level 0.5 Polearms
 + Level 3.4 Dodging
 + Level 3.0 Stealth
 * Level 7.1 Spellcasting
 * Level 7.5 Ice Magic


You had 9 spell levels left.
You knew the following spells:

 Your Spells              Type           Power        Failure   Level
a - Freeze                Ice            ####         1%          1
b - Frozen Ramparts       Ice            #####.       1%          3
c - Ozocubu's Armour      Ice            #####...     1%          3
d - Hailstorm             Conj/Ice       ###.....     19%         4

Your spell library contained the following spells:

 Spells                   Type           Power        Failure   Level
 Summon Ice Beast         Ice/Summ       ###.....     19%         4
 Confusing Touch          Hex            #.......     26%         3
 Gell's Gravitas          Tloc           #.........   26%         3
 Metabolic Englaciation   Hex/Ice        ###.......   45%         5
 Petrify                  Tmut/Erth      #.......     65%         4
 Yara's Violent Unravell  Hex/Tmut       #.........   94%         5


Dungeon Overview and Level Annotations

Branches:
Dungeon (5/15)
 Temple: D:4-7

Altars:
Elyvilon
The Shining One


Message History

The walls around you are covered in ice.
Unknown command.
You enter the shallow water.
Moving in this stuff is going to be slow.
The steam dragon hisses angrily.
The steam dragon breathes steam at you. The ball of steam hits you!!
Ouch! That really hurt!
* * * LOW HITPOINT WARNING * * *
The fungus is engulfed in a cloud of scalding steam.
It was a potion of degeneration.
There was something very wrong with that liquid.
You feel weakened.
You feel dopey.
You feel clumsy.
The wall freezes the steam dragon.
It was a potion of curing.
You feel better.
The fungus is engulfed in a cloud of scalding steam.
The fungus begins to die.
The steam dragon breathes steam at you. The ball of steam hits you!
You die...

#...#P......##
#...#≈≈....≈P#
#...#.^....≈.#
#...##≈P≈..P#
#### ##'##
#≈§D..# ....
#.# #.§§# ####
#.# #§D.# #.#
#≈§.# #.#
#^@.# # #.#
#P.P# # #.#
#...# #
#.#..##≈.## +
#.#..##..# #
#.#..##P.# #
#.#..#≈.P# #
#.#..#P.≈# #
#.#..#≈.P# #


You could see a steam dragon (catching breath).

Vanquished Creatures
  A scorpion (D:4)
  5 killer bees (D:3)
  A howler monkey (D:4)
  A centaur skeleton (D:4)
  Crazy Yiuf (D:2)
  Natasha (twice) (D:3)
  2 orc wizards (D:4)
  A worker ant (D:4)
  4 gnolls
  5 adders
  3 oozes
  An adder skeleton (D:4)
  A worm (D:2)
  A dart slug (D:2)
  6 leopard geckos
  9 orcs
  2 giant cockroaches
  6 goblins
  7 hobgoblins
  4 jackals (D:4)
  7 kobolds
  2 quokkas (D:4)
  2 ball pythons
  6 bats
  4 frilled lizards
  A jackal skeleton (D:4)
  9 rats
94 creatures vanquished.

Vanquished Creatures (others)
  5 plants (D:2)
5 creatures vanquished.

Grand Total: 99 creatures vanquished

Notes
Turn   | Place    | Note
-------+----------+-------------------------------------------
     0 | D:1      | robertstho the Deep Elf Ice Elementalist began the quest
                  | for the Orb.
     0 | D:1      | Reached XP level 1. HP: 10/10 MP: 6/6
   347 | D:1      | Reached XP level 2. HP: 14/15 MP: 6/8
   395 | D:1      | Reached skill level 5 in Ice Magic
   857 | D:1      | Reached XP level 3. HP: 2/19 MP: 6/9
  1341 | D:1      | Learned a level 3 spell: Frozen Ramparts
  1345 | D:1      | Learned a level 3 spell: Ozocubu's Armour
  1492 | D:2      | Reached XP level 4. HP: 24/24 MP: 7/11
  2192 | D:2      | Found a runed translucent door.
  2193 | D:2      | Noticed Crazy Yiuf
  2225 | D:2      | Found a glowing golden altar of the Shining One.
  2322 | D:2      | Killed Crazy Yiuf
  2521 | D:3      | Reached XP level 5. HP: 28/28 MP: 14/14
  2557 | D:3      | Found a white marble altar of Elyvilon.
  2642 | D:3      | Reached skill level 5 in Spellcasting
  2886 | D:3      | Learned a level 4 spell: Hailstorm
  3232 | D:3      | Reached XP level 6. HP: 22/33 MP: 10/16
  3489 | D:3      | Noticed Natasha
  3502 | D:3      | Killed Natasha
  3787 | D:3      | Noticed Natasha
  3793 | D:3      | Killed Natasha
  4170 | D:4      | Reached XP level 7. HP: 37/37 MP: 14/18
  4930 | D:5      | Entered Level 5 of the Dungeon
  5185 | D:5      | Noticed a steam dragon
  5187 | D:5      | Noticed a steam dragon
  5195 | D:5      | Killed from afar by a steam dragon

Illustrated notes

Levels and vault maps discovered:
D:1:      dpeg_arrival_radiant, layout_loops_ring, feat_on_display
D:2:      cheibrodos_old_hovel, layout_basic, nicolae_tso_swordbearing_angel,
          uniq_crazy_yiuf_cottage
D:3:      layout_loops_corners, elyvilon_altar_5,
          minmay_misc_feat_secret_circle, uniq_natasha
D:4:      layout_loops_ring
D:5:      kennysheep_steamy, layout_basic, overflow_temple_1_default

Skill      XL: |  1  2  3  4  5  6  7 |
---------------+----------------------+-----
Ice Magic      | 5 6 7 |  7.5
Spellcasting   | 4 5 6 7 |  7.1
Dodging        | 3 |  3.4
Stealth        | 3 |  3.0
Fighting       | |  0.4
Short Blades   | |  0.2
Polearms       | |  0.5

Action                   |  1- 3 |  4- 6 |  7- 9 || total
-------------------------+-------+-------+-------++-------
Melee: Dagger            |    15 |     9 |       ||    24
       Unarmed           |     3 |       |       ||     3
       Quarterstaff      |       |     3 |       ||     3
       Trident           |       |    14 |     6 ||    20
 Cast: Freeze            |    29 |     8 |       ||    37
       Frozen Ramparts   |     3 |    33 |    12 ||    48
       Hailstorm         |       |     1 |       ||     1
  Use: Potion            |       |       |     2 ||     2
 Stab: Sleeping          |       |     2 |       ||     2
Armor: Robe              |     7 |     8 |     2 ||    17
Dodge: Dodged            |    33 |    38 |     5 ||    76

Table legend: (Time is in decaauts)
 A = Elapsed time spent in this place.
 B = Non-inter-level travel time spent in this place.
 C = Inter-level travel time spent in this place.
 D = Time resting spent in this place.
 E = Time spent auto-exploring this place.
 F = Levels seen in this place.
 G = Mean time per level.
                   A        B        C        D        E       F      G
               +--------+--------+--------+--------+--------+-----+--------+
         Total |   5200 |   5092 |    108 |    562 |   3812 |   5 | 1040.0 |
       Dungeon |   5200 |   5092 |    108 |    562 |   3812 |   5 | 1040.0 |
               +--------+--------+--------+--------+--------+-----+--------+

Top non-repeatable levels by time:
     D:3: 1545 daAuts
     D:1: 1261 daAuts
     D:2: 1129 daAuts
     D:4: 998 daAuts
     D:5: 265 daAuts
